 Dungeon Crawl Stone Soup version 0.31-a0-174-g85c54bcb58 (webtiles) character file.

Game seed: 8379422453894560497

193 qw the Chopper (level 5, -1/32 HPs)
             Began as a Gargoyle Fighter on June 15, 2023.
             Slain by an orc warrior
             ... wielding a +0 short sword
              (5 damage)
             ... on level 4 of the Dungeon.
             The game lasted 00:01:56 (2919 turns).

qw the Chopper (Gargoyle Fighter)                   Turns: 2919, Time: 00:01:57

Health: -1/32      AC: 14    Str: 22    XL:     5   Next: 72%
Magic:  5/5        EV:  8    Int:  8    God:
Gold:   210        SH: 10    Dex:  9    Spells: 4/4 levels left

rFire   . . .        Y - +1 war axe
rCold   . . .        f - +2 kite shield
rNeg    + . .        b - +0 scale mail
rPois   inf          j - +0 helmet
rElec   +            (no cloak)
rCorr   .            l - +1 pair of gloves
SInv    .            (no boots)
Will    .....        (no amulet) Stlth
                     (no ring)
HPRegen 0.25/turn    (no ring)
MPRegen 0.09/turn

%: no passive effects
@: no status effects
A: sickness immunity, AC +4, negative energy resistance 1, electricity
resistance, torment resistance 1, petrification resistance
a: no special abilities


You were on level 4 of the Dungeon.
You visited 1 branch of the dungeon, and saw 4 of its levels.

You collected 210 gold pieces.


Innate Abilities, Weirdness & Mutations

You are immune to sickness and miasma.
Your stone body is resilient. (AC +4)
You are immune to poison.
You resist negative energy. (rN+)
You are resistant to electric shocks. (rElec)
You are resistant to unholy torment.
You are immune to petrification.


   Skills:
 - Level 3.2 Fighting
 - Level 4.5 Axes
 - Level 3.2 Armour
 + Level 4.5 Shields


You had 4 spell levels left.
You didn't know any spells.
Your spell library was empty.

Inventory:

Hand Weapons
 m - a +0 mace
 Y - a +1 war axe (weapon)
Armour
 b - a +0 scale mail (worn)
 f - a +2 kite shield (worn)
 j - a +0 helmet (worn)
 l - a +1 pair of gloves (worn)
 o - a +0 chain mail
Scrolls
 c - a scroll of noise {unknown}
 e - 2 scrolls of identify
Potions
 a - a potion of haste
 d - 3 potions of might
 g - 2 potions of heal wounds
 i - a potion of berserk rage {unknown}
 k - a potion of mutation
 n - a potion of lignification {unknown}

Dungeon Overview and Level Annotations

Branches:
Dungeon (4/15)
 Temple: D:4-7

Altars:


Message History

An orc comes into view. It is wielding a +0 flail.
An orc comes into view. It is wielding a +0 hand axe.
You block the orc warrior's attack.
The orc moves out of view.
The orc shouts!
You hit the orc warrior.
The orc warrior is lightly wounded.
The orc wizard gestures at you while chanting.
The puff of flame hits you.
You completely miss the orc warrior.
The orc warrior is lightly wounded.
The orc warrior barely misses you.
The orc warrior hits you with a +0 short sword!
You slash the orc warrior!
The orc warrior is severely wounded.
You hit the orc wizard. The orc warrior closely misses you.
You hit the orc warrior.
The orc warrior is severely wounded.
You closely miss the orc wizard. You barely miss the orc.
The orc closely misses you. The orc warrior barely misses you.
The orc wizard points at you and mumbles some strange words.
You are confused.
2918 ||| DRINKING potion of curing.
You feel better.
2918 ||| (to cure confusion)
The orc barely misses you. The orc wizard barely misses you.
The orc warrior hits you with a +0 short sword.
The orc priest invokes the aid of Beogh against you.
Beogh smites you!
Ouch! That really hurt!
You hit the orc warrior but do no damage.
The orc warrior is severely wounded.
You hit the orc wizard. You closely miss the orc. You slash the orc priest!
The orc barely misses you. You block the orc wizard's attack.
The orc warrior hits you with a +0 short sword.
The orc priest hits you but does no damage.
The orc hits you but does no damage.
The orc wizard hits you but does no damage.
The orc priest hits you but does no damage.
The orc warrior hits you with a +0 short sword.
You die...

##..........#
#..####.###.#
#..##...# #.#
...#....# #.# #####
...#...:# .# #...##
.......[# ###....#
...###### #>#....##
...# . #.......####
..)####....
#..o@o......
...........
#..oo###....
#.###########...oo.#
##.
..#...)..###.....#..#
....##...##...#..##..#
#...##.#..#..###.#
...$
#...##.........#.# ...
##..##..#........# $.
#...#..#........#


You could see an orc warrior, an orc priest, an orc wizard and 3 orcs.

Vanquished Creatures
  An iguana (D:4)
  A gnoll (D:4)
  4 adders
  3 worms
  2 dart slugs
  6 orcs
  9 ball pythons
  11 bats
  7 endoplasms
  8 giant cockroaches
  7 goblins
  6 hobgoblins
  A jackal (D:2)
  12 kobolds
  5 quokkas
  8 frilled lizards
  7 rats
98 creatures vanquished.

Notes
Turn   | Place    | Note
-------+----------+-------------------------------------------
     0 | D:1      | qw the Gargoyle Fighter began the quest for the Orb.
     0 | D:1      | Reached XP level 1. HP: 14/14 MP: 1/1
     0 | D:1      | 0 ||| qw: Version: 0.2-a-29-g511e9b1
     0 | D:1      | 0 ||| qw: Game counter: 5605
     0 | D:1      | 0 ||| qw: Always use a shield: true
     0 | D:1      | 0 ||| qw: God list: Okawaru
     0 | D:1      | 0 ||| qw: Allow faded altars: false
     0 | D:1      | 0 ||| qw: Do Orc after D:15 true
     0 | D:1      | 0 ||| qw: Do second Lair branch before Depths: true
     0 | D:1      | 0 ||| qw: Lair rune preference: random
     0 | D:1      | 0 ||| qw: Plans: Normal, Zot:1-4, Slime:5, God:TSO, Crypt,
                  | Tomb, Abyss, Pan, Hells, Win
     0 | D:1      | 0 ||| PLANNING D:1-11
    52 | D:1      | Found a faded altar of an unknown god.
    80 | D:1      | Reached XP level 2. HP: 18/19 MP: 2/2
   125 | D:1      | 125 ||| Stepping ~*~*~tactically~*~*~ (stealth).
   293 | D:1      | 293 ||| Stepping ~*~*~tactically~*~*~ (stealth).
   301 | D:1      | Reached skill level 3 in Axes
   304 | D:1      | 304 ||| Stepping ~*~*~tactically~*~*~ (stealth).
   305 | D:1      | 305 ||| Stepping ~*~*~tactically~*~*~ (stealth).
   375 | D:1      | Reached XP level 3. HP: 18/23 MP: 3/3
   659 | D:1      | 659 ||| Stepping ~*~*~tactically~*~*~ (hiding).
   948 | D:1      | 948 ||| UPGRADING to +0 helmet.
   953 | D:1      | 953 ||| READING scroll labelled GIPROA ZIRISM.
   968 | D:1      | 968 ||| READING scroll labelled KAIHES KEILUAN.
   969 | D:1      | 969 ||| READING scroll labelled GIEFOLUGH OBOU.
  1064 | D:2      | 1064 ||| Stepping ~*~*~tactically~*~*~ (hiding).
  1068 | D:2      | 1068 ||| Stepping ~*~*~tactically~*~*~ (hiding).
  1396 | D:2      | Reached XP level 4. HP: 28/28 MP: 4/4
  1512 | D:2      | 1512 ||| DROPPING +0 whip.
  2123 | D:2      | 2123 ||| READING 2 scrolls labelled PUPREWK YSOSH.
  2124 | D:2      | 2124 ||| READING scroll labelled IDYSEO PYFIUN.
  2125 | D:2      | 2125 ||| READING scroll labelled WOVAFE CUHA.
  2210 | D:3      | 2210 ||| Stepping ~*~*~tactically~*~*~ (stealth).
  2559 | D:3      | Reached XP level 5. HP: 31/32 MP: 5/5
  2559 | D:3      | 2559 ||| Stepping ~*~*~tactically~*~*~ (water).
  2569 | D:3      | 2569 ||| UPGRADING to +2 kite shield.
  2579 | D:3      | 2579 ||| DROPPING +0 buckler.
  2580 | D:3      | 2580 ||| UPGRADING to +1 pair of gloves.
  2585 | D:3      | 2585 ||| READING scroll labelled DILYCW DAV OSIS.
  2586 | D:3      | 2586 ||| READING scroll labelled LUMPEX TOOQ.
  2591 | D:3      | 2591 ||| DRINKING 2 fizzy coppery potions.
  2592 | D:3      | 2592 ||| DRINKING 3 dark potions.
  2593 | D:3      | 2593 ||| DRINKING 2 purple potions.
  2594 | D:3      | 2594 ||| READING 2 scrolls of identify.
  2594 | D:3      | 2594 ||| IDENTIFYING smoky black potion
  2645 | D:4      | 2645 ||| Stepping ~*~*~tactically~*~*~ (stealth).
  2675 | D:4      | 2675 ||| Stepping ~*~*~tactically~*~*~ (stealth).
  2795 | D:4      | 2795 ||| Stepping ~*~*~tactically~*~*~ (stealth).
  2878 | D:4      | 2878 ||| Stepping ~*~*~tactically~*~*~ (hiding).
  2879 | D:4      | 2879 ||| Stepping ~*~*~tactically~*~*~ (hiding).
  2880 | D:4      | 2880 ||| Stepping ~*~*~tactically~*~*~ (hiding).
  2881 | D:4      | 2881 ||| Stepping ~*~*~tactically~*~*~ (hiding).
  2905 | D:4      | Noticed an orc warrior
  2906 | D:4      | 2906 ||| Stepping ~*~*~tactically~*~*~ (hiding).
  2911 | D:4      | 2911 ||| Stepping ~*~*~tactically~*~*~ (stealth).
  2918 | D:4      | 2918 ||| DRINKING potion of curing.
  2918 | D:4      | 2918 ||| (to cure confusion)
  2919 | D:4      | HP: 4/32 [orc warrior/+0 short sword (5)]
  2919 | D:4      | Slain by an orc warrior

Levels and vault maps discovered:
D:1:      lemuel_arrival_funnel, layout_loops_ring,
          shapermc_ecumenical_altar_rom_forum
D:2:      minmay_chambers_of_ones, layout_basic, minmay_fountain_box,
          kennysheep_cross_bottleneck, minmay_increasing_density
D:3:      layout_rooms, kennysheep_path_1
D:4:      minmay_recursive_quarters, layout_cave_pools, serial_column_ruins,
          column_ruins_hut, column_ruins_columns_water,
          column_ruins_columns_straight, column_ruins_open_small_water,
          column_ruins_open_tiny, guppyfry_early_orc_mine

Skill      XL: |  1  2  3  4  5 |
---------------+----------------+-----
Axes           | 2 3 4 |  4.5
Shields        | 4 |  4.5
Fighting       | |  3.2
Armour         | |  3.2

Action                     |  1- 3 |  4- 6 || total
---------------------------+-------+-------++-------
  Melee: War axe           |   125 |   200 ||   325
    Use: Scroll            |     3 |     6 ||     9
         Potion            |       |     4 ||     4
 Armour: Scale mail        |    83 |    87 ||   170
  Dodge: Dodged            |    70 |    84 ||   154
  Block: Buckler           |    23 |    26 ||    49
         Kite shield       |       |    30 ||    30

Table legend:
 A = Non-vault XP
 B = Vault XP
 C = Vault XP percentage of total XP
 D = Non-vault monster count
 E = Vault monster count
 F = Vault count percentage of total count
                 A         B        C        D         E       F
            +---------+---------+-------+---------+---------+-------
      Total |     215 |      61 |  22.1 |      78 |      20 |  20.4
            +---------+---------+-------+---------+---------+-------
        D:1 |      48 |       0 |   0.0 |      28 |       0 |   0.0
        D:2 |      58 |      28 |  32.6 |      18 |      11 |  37.9
        D:3 |      32 |       0 |   0.0 |      19 |       0 |   0.0
        D:4 |      77 |      33 |  30.0 |      13 |       9 |  40.9
            +---------+---------+-------+---------+---------+-------
